 Dungeon Crawl Stone Soup version 0.23.0 (webtiles) character file.

Game seed: 16291621046996506726

1817 LeeMoriya the Basher (level 8, -8/71 HPs)
             Began as a Minotaur Berserker on Feb 9, 2019.
             Was an Elder of Trog.
             Hit by a large rock thrown by a cyclops (41 damage)
             ... on level 11 of the Dungeon.
             The game lasted 00:22:28 (4591 turns).

LeeMoriya the Basher (Minotaur Berserker)           Turns: 4591, Time: 00:22:29

Health: -8/71      AC:  7    Str: 25    XL:     8   Next: 85%
Magic:  7/7        EV: 10    Int:  4    God:    Trog [****..]
Gold:   314        SH: 10    Dex:  9    Spells: 7/7 levels left

rFire    . . .     SeeInvis +   a - +0 mace
rCold    . . .     Gourm    .   s - +0 shield
rNeg     + . .     Faith    .   w - +1 ring mail {rN+}
rPois    .         Spirit   .   (helmet restricted)
rElec    .         Reflect  .   (no cloak)
rCorr    +         Harm     .   (no gloves)
MR       .....                  (no boots)
Stlth    +.........             (no amulet)
HPRegen  0.21/turn              v - ring of resist corrosion
MPRegen  0.10/turn              n - ring of see invisible

@: no status effects
A: retaliatory headbutt, horns 2
a: Berserk, Trog's Hand, Brothers in Arms, Renounce Religion


You were on level 11 of the Dungeon.
You worshipped Trog.
Trog was greatly pleased with you.
You were not hungry.

You visited 2 branches of the dungeon, and saw 8 of its levels.

You collected 314 gold pieces.

Inventory:

Hand Weapons
 a - a +0 mace (weapon)
Armour
 b - a +0 animal skin
 g - a +0 cloak
 h - a +1 scale mail
 s - a +0 shield (worn)
 w - a +1 ring mail of positive energy (worn)
Jewellery
 f - an uncursed ring of fire
 i - an uncursed ring of fire
 n - a ring of see invisible (right hand)
 v - a ring of resist corrosion (left hand)
Wands
 t - a wand of clouds (4)
 u - a wand of iceblast (6)
Scrolls
 k - 2 scrolls of magic mapping
 l - 6 scrolls of remove curse
 m - a scroll of fog
 o - a scroll of amnesia
 p - 2 scrolls of immolation {unknown}
Potions
 d - a potion of heal wounds {unknown}
 e - 4 potions of agility
 j - a potion of degeneration {unknown}
 q - a potion of brilliance {unknown}
 r - a potion of lignification {unknown}
Comestibles
 c - 8 rations


   Skills:
 + Level 6.8 Fighting
 + Level 9.0 Maces & Flails
 + Level 6.0 Armour
 + Level 4.3 Dodging
 + Level 0.9 Stealth
 + Level 5.5 Shields
 + Level 0.6 Evocations


You had 7 spell levels left.
You didn't know any spells.
Your spell library was empty.

Dungeon Overview and Level Annotations

Branches:
Dungeon (8/15)             Temple (1/1) D:4
   Lair: D:8-11

Altars:
Ashenzari
Cheibriados
Dithmenos
Elyvilon
Gozag
Hepliaklqana
Kikubaaqudgha
Qazlal
Ru
Vehumet
Wu Jian
Xom
Yredelemnul
Zin
The Shining One


Innate Abilities, Weirdness & Mutations

You reflexively headbutt those who attack you in melee.
You have a pair of horns on your head.


Message History

The cyclops throws a large rock.
The large rock hits you! You block the kobold's attack.
The yak moves out of view.
You see here a large rock.
Aiming: Cloud Cone
Press: ? - help, Dir - move target cursor, f - kobold
Aim: a kobold, wielding a +0 short sword You create a blast of noxious fumes!
The orc is engulfed in noxious fumes.
The orc appears confused.
The orc barely misses the kobold.
The big kobold is engulfed in noxious fumes.
The big kobold appears confused.
The big kobold hits the kobold.
The kobold is engulfed in noxious fumes.
The kobold appears confused.
The kobold hits the orc with a +0 short sword.
The yak is engulfed in noxious fumes.
The yak appears confused.
You barely miss the kobold. You headbutt the kobold.
You kill the kobold!
Trog accepts your kill.
The cyclops throws a large rock.
The large rock hits you!!!
Ouch! That really hurt!
You die...

***,,,,,,,,,* **#.,,,,......* #
*...*,,,.....,* ******* #
###.#**,,,Y.K.,,* *,,,,,, # #...*
*,,,ZYY,,,* *,,,,,,
########.########YY********,,,,,,
........(......☼Ko,,,,,,,,,,,,,,,
.............###§####********,***
.#####.....#....@.C.#** **,,,,
..# ##.....#####(##...# *,,,**
#.###......# #.#***.# ****,,,*
*.##.......# #.# *,***,,,,,***
*.##.#.....# #.# *,,,,,,,,,,,,
*..........#####.# ***,*,,,,,,**
*###........##...#*****,,,,***,*
#..#.####...).##*,,,,,,*** *,*
#.##.* ####...#,,,,,*** *,*


You could see a cyclops, 5 yaks, a big kobold (confused), an orc (confused), a
kobold and a bullfrog skeleton.

Vanquished Creatures
  Sonja (D:11)
  A hippogriff (D:8)
  An orc warrior (D:5)
  An ogre (D:4)
  A centaur (D:5)
  A bullfrog (D:11)
  A centaur zombie (D:5)
  2 crimson imps (D:5)
  4 orc priests
  3 orc wizards (D:3)
  A bullfrog skeleton (D:5)
  Ijyb (D:5)
  2 worker ants
  A worker ant zombie (D:5)
  A howler monkey zombie (D:5)
  11 gnolls
  4 adders
  2 shadow imps (D:5)
  4 oozes
  An adder skeleton (D:5)
  A worm (D:2)
  2 dart slugs (D:2)
  2 leopard geckos (D:8)
  20 orcs
  3 giant cockroaches (D:3)
  6 goblins
  13 hobgoblins
  7 jackals (D:3)
  9 kobolds
  5 quokkas
  6 bats
  6 frilled lizards
  13 rats
  A butterfly (D:4)
138 creatures vanquished.

Notes
Turn   | Place    | Note
-------+----------+-------------------------------------------
     0 | D:1      | LeeMoriya the Minotaur Berserker began the quest for the
                  | Orb.
     0 | D:1      | Reached XP level 1. HP: 19/19 MP: 0/0
   156 | D:1      | Reached XP level 2. HP: 8/27 MP: 1/1
   157 | D:1      | Reached skill level 4 in Maces & Flails
   561 | D:1      | Found a shimmering altar of Xom.
   640 | D:1      | Reached ** piety under Trog
   906 | D:1      | Reached XP level 3. HP: 33/33 MP: 2/2
  1146 | D:2      | Reached skill level 5 in Maces & Flails
  1146 | D:2      | Reached XP level 4. HP: 41/41 MP: 3/3
  1159 | D:2      | HP: 1/41 [gnoll/+0 whip (4)]
  1766 | D:3      | Reached XP level 5. HP: 47/47 MP: 4/4
  1789 | D:3      | Reached *** piety under Trog
  1789 | D:3      | Reached skill level 6 in Maces & Flails
  1860 | D:3      | Found an ornate altar of the Wu Jian Council.
  2022 | D:3      | Reached XP level 6. HP: 54/55 MP: 5/5
  2037 | D:3      | Reached skill level 5 in Fighting
  2187 | D:3      | Reached skill level 1 in Shields
  2578 | D:4      | Found a glowing golden altar of the Shining One.
  2807 | D:4      | Reached **** piety under Trog
  2872 | D:4      | Reached skill level 7 in Maces & Flails
  2991 | D:4      | Found a staircase to the Ecumenical Temple.
  3045 | Temple   | Entered the Ecumenical Temple
  3560 | D:5      | Entered Level 5 of the Dungeon
  3576 | D:5      | Noticed Ijyb
  3579 | D:5      | Killed Ijyb
  3579 | D:5      | Reached XP level 7. HP: 61/61 MP: 6/6
  3623 | D:5      | Found a transporter.
  3942 | D:5      | Found a transporter.
  3946 | D:5      | Found a stormy altar of Qazlal.
  4160 | D:5      | You fall through a shaft for 3 floors!
  4251 | D:8      | Reached skill level 8 in Maces & Flails
  4272 | D:8      | Found an ancient bone altar of Kikubaaqudgha.
  4305 | D:8      | Noticed a hippogriff
  4317 | D:8      | Killed a hippogriff
  4317 | D:8      | Reached skill level 5 in Armour
  4317 | D:8      | Reached XP level 8. HP: 46/70 MP: 7/7
  4392 | D:8      | You fall through a shaft for 3 floors!
  4392 | D:11     | Noticed Sonja
  4400 | D:11     | Killed Sonja
  4400 | D:11     | Reached skill level 9 in Maces & Flails
  4400 | D:11     | Reached skill level 5 in Shields
  4588 | D:11     | Noticed a cyclops
  4591 | D:11     | Hit by a large rock thrown by a cyclops

Skill      XL: |  1  2  3  4  5  6  7  8 |
---------------+-------------------------+-----
Maces & Flails | 4 5 6 7 8 9 |  9.0
Fighting       | 4 5 6 |  6.8
Armour         | 3 5 6 |  6.0
Dodging        | 3 4 |  4.3
Shields        | 1 3 5 |  5.5
Stealth        | |  0.9
Evocations     | |  0.6

Action                   |  1- 3 |  4- 6 |  7- 9 || total
-------------------------+-------+-------+-------++-------
Melee: Mace              |    73 |   202 |    93 ||   368
       Headbutt          |     6 |    37 |    25 ||    68
Invok: Berserk           |     1 |       |     2 ||     3
       Trog's Hand       |       |     1 |       ||     1
Evoke: Wand              |       |     1 |     4 ||     5
  Use: Potion            |       |     2 |     1 ||     3
       Scroll            |       |     4 |     4 ||     8
  Eat: Ration            |     2 |     1 |     2 ||     5
       Chunk             |       |     2 |       ||     2
Armor: Animal skin       |     5 |       |       ||     5
       Scale mail        |    14 |    88 |    28 ||   130
       Ring mail         |       |       |    12 ||    12
Dodge: Dodged            |    43 |    85 |    36 ||   164
Block: Shield            |       |    74 |    52 ||   126
